 Dungeon Crawl Stone Soup version 0.29.1-13-g9f3cf754e1 (webtiles) character file.

Game seed: 1511015498911850508

776 sankara the Chopper (level 7, -10/63 HPs)
             Began as a Hill Orc Fighter on Jan 31, 2023.
             Mangled by an iguana (12 damage)
             ... on level 4 of the Dungeon on Feb 1, 2023.
             The game lasted 00:08:59 (4949 turns).

sankara the Chopper (Hill Orc Fighter)              Turns: 4949, Time: 00:08:59

Health: -10/63     AC:  7    Str: 19      XL:     7   Next: 84%
Magic:  7/7        EV:  9    Int:  8      God:
Gold:   185        SH:  4    Dex:  9 (12) Spells: 6/6 levels left

rFire   . . .      SeeInvis .   a - +0 war axe
rCold   . . .      Faith    .   c - +0 buckler
rNeg    . . .      Spirit   .   b - +0 scale mail
rPois   .          Reflect  .   n - +0 hat
rElec   .          Harm     .   (no cloak)
rCorr   .          Rampage  .   (no gloves)
Will    .....                   (no boots)
Stlth   ..........              (no amulet)
HPRegen 0.20/turn               (no ring)
MPRegen 0.10/turn               (no ring)

@: mighty
A: no striking features
a: no special abilities


You were on level 4 of the Dungeon.
You visited 1 branch of the dungeon, and saw 4 of its levels.
You also visited: Ossuary.

You collected 185 gold pieces.

Inventory:

Hand Weapons
 a - a +0 war axe (weapon)
Missiles
 h - a boomerang
 o - 2 javelins (quivered)
Armour
 b - a +0 scale mail (worn)
 c - a +0 buckler (worn)
 n - a +0 hat (worn)
Wands
 u - a wand of mindburst (12)
Scrolls
 i - a scroll of blinking
 j - a scroll of fear
 k - 4 scrolls of identify {unknown}
 l - a scroll of poison {unknown}
 m - a scroll of butterflies {unknown}
 q - 4 scrolls of teleportation {unknown}
Potions
 d - 2 potions of might
 e - a potion of lignification {unknown}
 f - a potion of curing
 g - a potion of resistance {unknown}
 p - a potion of heal wounds {unknown}
 r - 2 potions of attraction {unknown}
 s - a potion of haste {unknown}
 t - a potion of brilliance {unknown}


   Skills:
 + Level 6.1 Fighting
 * Level 6.8 Axes
 + Level 5.6 Armour
 - Level 5.0 Shields
 - Level 1.0 Evocations


You had 6 spell levels left.
You didn't know any spells.
Your spell library was empty.

Dungeon Overview and Level Annotations

Branches:
Dungeon (4/15)            Ossuary (visited)
 Temple: D:4-7

Altars:
Cheibriados
Hepliaklqana
Qazlal
Trog


Message History

You closely miss the quasit.
The quasit is moderately wounded.
The quasit closely misses you. The quasit claws you.
* * * LOW HITPOINT WARNING * * *
The quasit claws you.
* * * LOW HITPOINT WARNING * * *
The white imp disappears for a moment.
The quasit bites you but does no damage.
The quasit claws you but does no damage.
The quasit barely misses you.
You slice the quasit!!
You kill the quasit!
The white imp gestures at you. The puff of frost hits you.
* * * LOW HITPOINT WARNING * * *
Unknown command.
You closely miss the white imp. You block the white imp's attack.
You closely miss the white imp. The white imp misses you.
You slash the white imp!
You kill the white imp!
The ufetubus hits you but does no damage.
The ufetubus closely misses you.
Blink to where?
Press: ? - help, Dir - move target
As you read the scroll labelled KOLUFOBENO, it crumbles to dust.
It was a scroll of blinking.
As you read the scroll labelled SIESUU FOYQ, it crumbles to dust.
You assume a fearsome visage.
The ufetubus looks frightened!
The gnoll looks frightened! x3; It was a scroll of fear.
There is an open door here.
An iguana comes into view.
The iguana hisses angrily.
The iguana bites you.
* * * LOW HITPOINT WARNING * * *
You barely miss the iguana. The iguana bites you!
* * * LOW HITPOINT WARNING * * *
You slash the iguana!
The iguana is severely wounded.
You block the iguana's attack. The iguana bites you!
You die...

#.............####.#.#.#..#.##.
#..............#.....#....#....
###########....#.#...##......##
#....#.#.#.##..###.#
#....#.#...........##
#####'#......###..##...
###########.#
#.#.....#..........
............#
#.#######.##..####.
...########.#
#.@l......#........
...##.>.....#
###########.##)###.
♣♣.##.......##### ####.##.###.
...##...........#
####........)[.
................#
#..........[)<.
####.#..........#
#............). #.........#.##
#..............
###.....#.#.####............##
#####........##.#.........##


You could see an iguana.

Vanquished Creatures
  2 scorpions (D:4)
  An elf skeleton (D:4)
  2 quasits (D:4)
  2 centaur zombies (Ossuary)
  2 human zombies
  A jelly (D:4)
  A human skeleton (D:4)
  4 orc wizards (D:4)
  4 mummies (Ossuary)
  3 gnolls (D:3)
  4 adders
  A shadow imp (D:4)
  A white imp (D:4)
  5 ufetubi (D:4)
  A worm (D:2)
  3 dart slugs
  9 orcs
  5 ball pythons
  6 bats
  7 endoplasms
  5 giant cockroaches
  A gnoll zombie (Ossuary)
  6 goblins
  9 hobgoblins
  4 kobolds
  7 quokkas
  A frilled lizard (D:2)
  A goblin zombie (Ossuary)
  A hobgoblin zombie (Ossuary)
  2 orc skeletons (D:4)
  3 orc zombies
  5 rats
109 creatures vanquished.

Vanquished Creatures (others)
  A demonic plant (D:4)
  3 fungi (D:3)
4 creatures vanquished.

Grand Total: 113 creatures vanquished

Notes
Turn   | Place    | Note
-------+----------+-------------------------------------------
     0 | D:1      | sankara the Hill Orc Fighter began the quest for the Orb.
     0 | D:1      | Reached XP level 1. HP: 19/19 MP: 1/1
   158 | D:1      | Reached XP level 2. HP: 25/27 MP: 2/2
   374 | D:1      | Found a faded altar of an unknown god.
   598 | D:1      | Reached XP level 3. HP: 31/33 MP: 3/3
  1083 | D:2      | Identified the +1 robe of Zin's Displeasure {Int+5 Dex-5}
  1632 | D:2      | Reached XP level 4. HP: 35/40 MP: 4/4
  1992 | D:3      | Found a stormy altar of Qazlal.
  2381 | D:3      | Found a bloodstained altar of Trog.
  2765 | D:3      | Reached XP level 5. HP: 47/47 MP: 5/5
  2966 | D:3      | Found a hazy altar of Hepliaklqana.
  3548 | D:4      | Reached XP level 6. HP: 32/55 MP: 6/6
  3552 | D:4      | Found a snail-covered altar of Cheibriados.
  3661 | D:4      | Found a sand-covered staircase.
  3667 | Ossuary  | Entered an ossuary
  3742 | Ossuary  | Reached skill level 5 in Fighting
  3902 | Ossuary  | Reached skill level 5 in Axes
  4138 | D:4      | Reached skill level 5 in Armour
  4138 | D:4      | Reached skill level 5 in Shields
  4187 | D:4      | Reached XP level 7. HP: 53/61 MP: 7/7
  4421 | D:4      | Reached skill level 1 in Evocations
  4948 | D:4      | HP: 2/63 [iguana (10)]
  4949 | D:4      | Mangled by an iguana

Illustrated notes

Levels and vault maps discovered:
D:1:      amcnicky_arrival_choice, layout_basic, basic_ecumenical_altar,
          minmay_door_square
D:2:      layout_basic
D:3:      layout_loops_cross, mainiacjoe_overflow_chevrons,
          mainiacjoe_overflow_alcove_2, nzn_hepliaklqana_mist_gate
D:4:      layout_basic, kennysheep_slug_shrine, nicolae_ossuary_entry_catacombs,
          serial_demonic, serial_demonic_d, serial_demonic_a, serial_demonic_a,
          serial_demonic_b, amcnicky_mini_rare_corridor_liquid,
          minmay_hedge_maze

Skill      XL: |  1  2  3  4  5  6  7 |
---------------+----------------------+-----
Axes           | 3 4 5 6 |  6.8
Fighting       | 4 5 6 |  6.1
Shields        | 4 5 |  5.0
Armour         | 4 5 |  5.6
Evocations     | 1 |  1.0

Action                   |  1- 3 |  4- 6 |  7- 9 || total
-------------------------+-------+-------+-------++-------
Melee: War axe           |    93 |   218 |    85 ||   396
  Use: Scroll            |       |     3 |     2 ||     5
       Potion            |       |       |     2 ||     2
Armor: Scale mail        |    35 |   123 |    80 ||   238
Dodge: Dodged            |    51 |   144 |    52 ||   247
Block: Buckler           |    19 |    70 |    23 ||   112
